BSA
SEATTLE PIKES @ NASHVILLE G-STRINGS
04/30/2027
 
TOP OF THE 1ST
Seattle Pikes batting - Pitching for Madison Bombers : LHP Juan Espinosa
Pitching: LHP Juan Espinosa
Batting: RHB Pete Rideout 0-0: Swinging Strike
0-1: Ball
1-1: Ball
2-1: Foul Ball, location: 2F
2-2: Ground out 5-3 (Groundball, 56)
Batting: LHB Richard Hunter 0-0: Ball
1-0: Ball
2-0: DOUBLE (Line Drive, 9LM)
Batting: RHB Wallace Greene 0-0: Ball
1-0: 2-RUN HOME RUN (Flyball, 7D), Distance : 362 ft
Batting: RHB António Ortega 0-0: Ball
1-0: SINGLE (Groundball, 6D)
Batting: RHB Manuel Rico 0-0: Ball
1-0: Foul Ball, location: 2F
1-1: Swinging Strike
1-2: Foul Ball, location: 2F
1-2: Fly out, F6 (Line Drive, 6)
Now at SS: Alex Henderson
Batting: RHB Randy Sheppard 0-0: Ball
1-0: Ball
2-0: Swinging Strike
2-1: Ball
3-1: Swinging Strike
3-2: Ground out 5-3 (Groundball, 5S)
Top of the 1st over - 2 run(s), 3 hit(s), 0 error(s), 1 left on base; Seattle 2 - Madison 0
BOTTOM OF THE 1ST
Madison Bombers batting - Pitching for Seattle Pikes : RHP António Rijo
Pitching: RHP António Rijo
Batting: RHB Juan Costello 0-0: Swinging Strike
0-1: Ball
1-1: Foul Ball, location: 2F
1-2: Strikes out swinging
Batting: LHB Alex Henderson 0-0: Called Strike
0-1: Ball
1-1: Ball
2-1: DOUBLE (Flyball, 8RXD)
Batting: RHB Sergio Márquez 0-0: Ground out 5-3 (Groundball, 56)
Batting: LHB Mike Callahan 0-0: Foul Ball, location: 2F
0-1: Foul Ball, location: 2F
0-2: Ball
1-2: Strikes out swinging, 2-3 out at first.
Bottom of the 1st over - 0 run(s), 1 hit(s), 0 error(s), 1 left on base; Seattle 2 - Madison 0
TOP OF THE 2ND
Seattle Pikes batting - Pitching for Madison Bombers : LHP Juan Espinosa
Batting: RHB Eugene Gill 0-0: Swinging Strike
0-1: Swinging Strike
0-2: Ball
1-2: Ball
2-2: Foul Ball, location: 2F
2-2: Strikes out looking
Batting: RHB Alberto Pérez 0-0: Fly out, F8 (Flyball, 8LS)
Batting: RHB Iván Gonzáles 0-0: Ball
1-0: Called Strike
1-1: Ball
2-1: Ball
3-1: Foul Ball, location: 2F
3-2: Strikes out swinging
Top of the 2nd over - 0 run(s), 0 hit(s), 0 error(s), 0 left on base; Seattle 2 - Madison 0
BOTTOM OF THE 2ND
Madison Bombers batting - Pitching for Seattle Pikes : RHP António Rijo
Batting: RHB Will Brown 0-0: Ball
1-0: Foul Ball, location: 2F
1-1: Swinging Strike
1-2: Strikes out swinging
Batting: RHB Cris Fuentes 0-0: Fly out, F8 (Flyball, 8RM)
Batting: SHB Martín Medina 0-0: Ball
1-0: Ball
2-0: Foul Ball, location: 2F
2-1: Ground out U3 (Groundball, 3)
Bottom of the 2nd over - 0 run(s), 0 hit(s), 0 error(s), 0 left on base; Seattle 2 - Madison 0
TOP OF THE 3RD
Seattle Pikes batting - Pitching for Madison Bombers : LHP Juan Espinosa
Batting: RHB Pete Rideout 0-0: Ball
1-0: Foul Ball, location: 2F
1-1: Ball
2-1: Ground out 6-3 (Groundball, 6M)
Batting: LHB Richard Hunter 0-0: Called Strike
0-1: Ball
1-1: Foul Ball, location: 2F
1-2: Ball
2-2: Foul Ball, location: 2F
2-2: Ball
3-2: Foul Ball, location: 2F
3-2: SINGLE (Groundball, 6D)
Batting: RHB Wallace Greene 0-0: Grounds into double play, 6-4-3 (Groundball, 6)
Top of the 3rd over - 0 run(s), 1 hit(s), 0 error(s), 0 left on base; Seattle 2 - Madison 0
BOTTOM OF THE 3RD
Madison Bombers batting - Pitching for Seattle Pikes : RHP António Rijo
Batting: SHB Bob Warren 0-0: Ball
1-0: Fly out, F4 (Line Drive, 4M)
Batting: RHB Bruce Brooks 0-0: Ball
1-0: Swinging Strike
1-1: Ball
2-1: Ground out 6-3 (Groundball, 6)
Batting: RHB Juan Costello 0-0: Ball
1-0: Foul Ball, location: 2F
1-1: Swinging Strike
1-2: Ground out 5-3 (Groundball, 56)
Bottom of the 3rd over - 0 run(s), 0 hit(s), 0 error(s), 0 left on base; Seattle 2 - Madison 0
TOP OF THE 4TH
Seattle Pikes batting - Pitching for Madison Bombers : LHP Juan Espinosa
Batting: RHB António Ortega 0-0: Ball
1-0: Foul Ball, location: 2F
1-1: Ball
2-1: Swinging Strike
2-2: Foul Ball, location: 2F
2-2: SINGLE (Line Drive, 78S)
Batting: RHB Manuel Rico 0-0: Grounds into double play, 5-4-3 (Groundball, 56)
Batting: RHB Randy Sheppard 0-0: Ball
1-0: Foul Ball, location: 2F
1-1: Ball
2-1: Swinging Strike
2-2: DOUBLE (Groundball, 5L)
Batting: RHB Eugene Gill 0-0: Called Strike
0-1: SINGLE (Line Drive, 8RS)
Randy Sheppard to third
Runner from 3rd tries for Home, SAFE, no throw
Batting: RHB Alberto Pérez 0-0: Ball
1-0: Ball
2-0: Ball
3-0: Base on Balls
Eugene Gill to second
Batting: RHB Iván Gonzáles 0-0: Swinging Strike
0-1: Ball
1-1: Called Strike
1-2: Ball
2-2: Fielders Choice at 2nd, 6-4 (Groundball, 6)
Top of the 4th over - 1 run(s), 3 hit(s), 0 error(s), 1 left on base; Seattle 3 - Madison 0
BOTTOM OF THE 4TH
Madison Bombers batting - Pitching for Seattle Pikes : RHP António Rijo
Batting: LHB Alex Henderson 0-0: Called Strike
0-1: Swinging Strike
0-2: Ball
1-2: Ball
2-2: Ball
3-2: Strikes out looking
Batting: RHB Sergio Márquez 0-0: Ball
1-0: Ball
2-0: DOUBLE (Flyball, 89D)
Batting: LHB Mike Callahan 0-0: Called Strike
0-1: Fly out, F8 (Flyball, 8LD)
Batting: RHB Will Brown 0-0: Fly out, F5 (Line Drive, 56)
Bottom of the 4th over - 0 run(s), 1 hit(s), 0 error(s), 1 left on base; Seattle 3 - Madison 0
TOP OF THE 5TH
Seattle Pikes batting - Pitching for Madison Bombers : LHP Juan Espinosa
Batting: RHB Pete Rideout 0-0: Ball
1-0: Fly out, F8 (Flyball, 8RS)
Batting: LHB Richard Hunter 0-0: Ball
1-0: Foul Ball, location: 2F
1-1: Ball
2-1: Fly out, F6 (Line Drive, 56)
Batting: RHB Wallace Greene 0-0: Called Strike
0-1: SINGLE (Groundball, 56D)
Batting: RHB António Ortega 0-0: Ball
1-0: Ball
2-0: Ball
3-0: Called Strike
3-1: SINGLE (Line Drive, 6M)
Wallace Greene to second
Batting: RHB Manuel Rico 0-0: Ball
1-0: 3-RUN HOME RUN (Flyball, 7D), Distance : 369 ft
Pitching: RHP Manny Canseco
Batting: RHB Randy Sheppard 0-0: Called Strike
0-1: Ball
1-1: Called Strike
1-2: Ball
2-2: Foul Ball, location: 2F
2-2: Ball
3-2: SINGLE (Groundball, 34D)
Batting: RHB Eugene Gill 0-0: Called Strike
0-1: SINGLE (Line Drive, 9S)
Randy Sheppard to second
Batting: RHB Alberto Pérez 0-0: Ball
1-0: Ball
2-0: Called Strike
2-1: Fielders Choice at 2nd, 4-6 (Groundball, 4)
Top of the 5th over - 3 run(s), 5 hit(s), 0 error(s), 1 left on base; Seattle 6 - Madison 0
BOTTOM OF THE 5TH
Madison Bombers batting - Pitching for Seattle Pikes : RHP António Rijo
Batting: RHB Cris Fuentes 0-0: SINGLE (Line Drive, 89M)
Batting: SHB Martín Medina 0-0: Swinging Strike
0-1: Ground out 5-3 (Groundball, 56S)
Cris Fuentes to second
Batting: SHB Bob Warren 0-0: Called Strike
0-1: Foul Ball, location: 2F
0-2: Foul Ball, location: 2F
0-2: Ground out U3 (Groundball, 34)
Cris Fuentes to third
Batting: RHB Bruce Brooks 0-0: Ball
1-0: SINGLE (Groundball, 6MD)
Cris Fuentes scores
Batting: RHB Juan Costello 0-0: Ball
1-0: Called Strike
1-1: Fly out, F9 (Flyball, 9LSF)
Bottom of the 5th over - 1 run(s), 2 hit(s), 0 error(s), 1 left on base; Seattle 6 - Madison 1
TOP OF THE 6TH
Seattle Pikes batting - Pitching for Madison Bombers : RHP Manny Canseco
Batting: RHB Iván Gonzáles 0-0: Ball
1-0: Ball
2-0: Swinging Strike
2-1: Ground out 4-3 (Groundball, 4)
Batting: RHB Pete Rideout 0-0: Called Strike
0-1: Called Strike
0-2: Ground out 5-3 (Groundball, 56S)
Batting: LHB Richard Hunter 0-0: Ball
1-0: Ball
2-0: Ball
3-0: Base on Balls
Batting: RHB Wallace Greene 0-0: Ball
1-0: Ground out 5-3 (Groundball, 56S)
Top of the 6th over - 0 run(s), 0 hit(s), 0 error(s), 1 left on base; Seattle 6 - Madison 1
BOTTOM OF THE 6TH
Madison Bombers batting - Pitching for Seattle Pikes : RHP António Rijo
Batting: LHB Alex Henderson 0-0: Ball
1-0: Ball
2-0: SINGLE (Groundball, 34D)
Batting: RHB Sergio Márquez 0-0: Called Strike
0-1: Foul Ball, location: 2F
0-2: Ball
1-2: Ball
2-2: Foul Ball, location: 2F
2-2: Ball
3-2: Base on Balls
Alex Henderson to second
Batting: LHB Mike Callahan 0-0: Foul Ball, location: 2F
0-1: Foul Ball, location: 2F
0-2: Foul Ball, location: 2F
0-2: Ball
1-2: Grounds into double play, 4-6-3 (Groundball, 4)
Alex Henderson to third
Batting: RHB Will Brown 0-0: Swinging Strike
0-1: Swinging Strike
0-2: Ball
1-2: Strikes out looking
Bottom of the 6th over - 0 run(s), 1 hit(s), 0 error(s), 1 left on base; Seattle 6 - Madison 1
TOP OF THE 7TH
Seattle Pikes batting - Pitching for Madison Bombers : RHP Manny Canseco
Batting: RHB António Ortega 0-0: Called Strike
0-1: SINGLE (Line Drive, 6M)
Batting: RHB Manuel Rico 0-0: Ball
1-0: Called Strike
1-1: Ball
2-1: Grounds into double play, 5-4-3 (Groundball, 56)
Batting: RHB Randy Sheppard 0-0: Ball
1-0: Foul Ball, location: 2F
1-1: Ground out 6-3 (Groundball, 56)
Top of the 7th over - 0 run(s), 1 hit(s), 0 error(s), 0 left on base; Seattle 6 - Madison 1
BOTTOM OF THE 7TH
Madison Bombers batting - Pitching for Seattle Pikes : RHP António Rijo
Batting: RHB Cris Fuentes 0-0: Foul Ball, location: 2F
0-1: Ball
1-1: Ball
2-1: Fly out, F6 (Popup, 56D)
Batting: SHB Martín Medina 0-0: Called Strike
0-1: Fly out, F7 (Flyball, 7LMF)
Batting: SHB Bob Warren 0-0: Ball
1-0: Fly out, F6 (Line Drive, 6M)
Bottom of the 7th over - 0 run(s), 0 hit(s), 0 error(s), 0 left on base; Seattle 6 - Madison 1
TOP OF THE 8TH
Seattle Pikes batting - Pitching for Madison Bombers : RHP Manny Canseco
Batting: RHB Eugene Gill 0-0: Called Strike
0-1: Swinging Strike
0-2: Strikes out swinging
Batting: RHB Alberto Pérez 0-0: Ball
1-0: Ball
2-0: Swinging Strike
2-1: SINGLE (Flyball, 89S)
Batting: RHB Iván Gonzáles 0-0: Called Strike
0-1: Called Strike
0-2: Ball
1-2: Ball
2-2: Ball
3-2: 2-RUN HOME RUN (Flyball, 7D), Distance : 366 ft
Batting: RHB Pete Rideout 0-0: Ball
1-0: SINGLE (Groundball, 56) (infield hit)
Batting: LHB Richard Hunter 0-0: Foul Ball, location: 2F
0-1: Ball
1-1: Grounds out, U3 (Groundball, 3L)
Batting: RHB Wallace Greene 0-0: Foul Ball, location: 2F
0-1: Ball
1-1: SINGLE (Line Drive, 6M)
Pete Rideout to third
Batting: RHB António Ortega 0-0: Ball
1-0: Called Strike
1-1: Foul Ball, location: 2F
1-2: Ball
2-2: Ball
Wild Pitch!
Pete Rideout scores
Wallace Greene to second
3-2: Base on Balls
Pitching: LHP Dave Carbone
Batting: RHB Manuel Rico 0-0: Ball
1-0: Called Strike
1-1: Ball
2-1: Swinging Strike
2-2: Foul Ball, location: 2F
2-2: Ball
3-2: Base on Balls
Wallace Greene to third
António Ortega to second
Pinch Hitting: SHB António Hernández 0-0: Ball
1-0: Foul Ball, location: 2F
1-1: Foul Ball, location: 2F
1-2: Hit by Pitch
Wallace Greene scores
António Ortega to third
Manuel Rico to second
Batting: RHB Eugene Gill 0-0: Ball
1-0: Swinging Strike
1-1: Fielders Choice at 2nd, 5-4 (Groundball, 56)
Top of the 8th over - 4 run(s), 4 hit(s), 0 error(s), 2 left on base; Seattle 10 - Madison 1
BOTTOM OF THE 8TH
Madison Bombers batting - Pitching for Seattle Pikes : RHP António Rijo
Now in LF: António Hernández
Batting: RHB Bruce Brooks 0-0: Foul Ball, location: 2F
0-1: Ball
1-1: Called Strike
1-2: Strikes out swinging
Batting: RHB Juan Costello 0-0: Ball
1-0: Ball
2-0: Ball
3-0: Base on Balls
Batting: LHB Alex Henderson 0-0: Ground out 5-3 (Groundball, 2L)
Juan Costello to second
Batting: RHB Sergio Márquez 0-0: Ball
1-0: Foul Ball, location: 2F
1-1: Ball
2-1: Ball
3-1: Fly out, F7 (Flyball, 78D)
Bottom of the 8th over - 0 run(s), 0 hit(s), 0 error(s), 1 left on base; Seattle 10 - Madison 1
TOP OF THE 9TH
Seattle Pikes batting - Pitching for Madison Bombers : LHP Dave Carbone
Pitching: RHP Alonso Gallardo
Batting: RHB Alberto Pérez 0-0: Ball
1-0: Swinging Strike
1-1: Foul Ball, location: 2F
1-2: Ground out 5-3 (Groundball, 56)
Batting: RHB Iván Gonzáles 0-0: Ground out 4-3 (Groundball, 4)
Batting: RHB Pete Rideout 0-0: Fly out, F8 (Flyball, 89M)
Top of the 9th over - 0 run(s), 0 hit(s), 0 error(s), 0 left on base; Seattle 10 - Madison 1
BOTTOM OF THE 9TH
Madison Bombers batting - Pitching for Seattle Pikes : RHP António Rijo
Now at C: Tae-kwon Kwon
Batting: LHB Mike Callahan 0-0: Called Strike
0-1: Ball
1-1: Ball
2-1: Foul Ball, location: 2F
2-2: Ball
3-2: Foul Ball, location: 2F
3-2: Strikes out swinging
Batting: RHB Will Brown 0-0: Called Strike
0-1: Called Strike
0-2: Strikes out looking
Batting: RHB Cris Fuentes 0-0: Ground out 5-3 (Groundball, 56)
Bottom of the 9th over - 0 run(s), 0 hit(s), 0 error(s), 0 left on base; Seattle 10 - Madison 1
Thursday, March 30th, 2017 - OOTP Baseball 17.12 Build 75